 Dungeon Crawl Stone Soup version 0.28.0-43-g3370ac3207 (webtiles) character file.

Game seed: 651334672419569374

2763 Zeld the Thrower (level 9, -4/78 (92) HPs)
             Began as a Troll Hunter on Mar 29, 2022.
             Slain by a gnoll
             ... wielding a +0 halberd
              (8 damage)
             ... on level 6 of the Dungeon.
             The game lasted 00:07:43 (6834 turns).

Zeld the Thrower (Troll Hunter)                     Turns: 6834, Time: 00:07:44

HP:   -4/78 (92)    AC:  5    Str: 26    XL:     9   Next: 42%
MP:   8/8           EV: 10    Int:  7    God:
Gold: 25            SH:  0    Dex: 10    Spells: 8/8 levels left

rFire   . . .      SeeInvis .   a - +2 whip (freeze)
rCold   . . .      Faith    .   (no shield)
rNeg    . . .      Spirit   .   b - +0 robe
rPois   .          Reflect  .   h - +0 hat
rElec   .          Harm     .   q - +0 cloak
rCorr   .          Rampage  .   (gloves unavailable)
Will    .....                   (boots unavailable)
Stlth   +.........              v - amulet of regeneration
HPRegen 1.83/turn               (no ring)
MPRegen 0.11/turn               (no ring)

@: heavily drained
A: large, unfitting armour, claws 3, regeneration 1, shaggy fur 1, tough skin 1
a: no special abilities


You were on level 6 of the Dungeon.
You visited 1 branch of the dungeon, and saw 6 of its levels.
You also visited: Sewer.

You collected 235 gold pieces.
You spent 210 gold pieces at shops.

Inventory:

Hand Weapons
 a - a +2 whip of freezing (weapon)
Missiles
 c - 7 large rocks
 d - 2 throwing nets
 g - 4 javelins (quivered)
Armour
 b - a +0 robe (worn)
 h - a +0 hat (worn)
 q - a +0 cloak (worn)
Jewellery
 v - an amulet of regeneration (around neck)
 C - a ring of willpower
Wands
 u - a wand of acid (11)
 B - a wand of flame (12)
Scrolls
 f - a scroll of enchant weapon {unknown}
 j - 3 scrolls of teleportation {unknown}
 k - 7 scrolls of identify {unknown}
 l - a scroll of immolation {unknown}
 p - a scroll of fear {unknown}
 r - a scroll of vulnerability {unknown}
 t - a scroll of amnesia {unknown}
 y - a scroll of blinking {unknown}
 z - a scroll of brand weapon {unknown}
 A - a scroll of summoning {unknown}
Potions
 e - 3 potions of might
 i - a potion of ambrosia {unknown}
 m - a potion of magic {unknown}
 n - a potion of resistance {unknown}
 o - 2 potions of heal wounds {unknown}
 s - a potion of berserk rage
 w - a potion of invisibility {unknown}
 x - a potion of lignification {unknown}


   Skills:
 + Level 6.4 Fighting
 * Level 10.2 Throwing
 - Level 2.0 Dodging
 - Level 1.0 Stealth


You had 8 spell levels left.
You didn't know any spells.
Your spell library contained the following spells:

 Spells                   Type           Power      Damage    Failure   Level
 Corpse Rot               Necr/Air       0%         N/A       56%         2
 Leda's Liquefaction      Hex/Erth       0%         N/A       99%         4


Dungeon Overview and Level Annotations

Branches:
Dungeon (6/15)              Sewer (visited)
 Temple: D:4-7

Altars:
Dithmenos
Makhleb
Nemelex Xobeh
Ru
Uskayaw
Yredelemnul

Shops:
D:5 !

Annotations:
D:3 2 runed translucent doors, xzight's ghost, amateur GrFi


Innate Abilities, Weirdness & Mutations

You are too large for most types of armour.
You have claws for hands.
Your natural rate of healing is unusually fast.
You are covered in fur. (AC +1)
You have tough skin. (AC +1)


Message History

Things that are here:
a +0 mace; an orc corpse
There is a stone staircase leading down, spattered with blood here.
HP restored.
Done exploring.
Done exploring.
You climb downwards.
There is a stone staircase leading up, spattered with blood here.
The gnoll sergeant hits you from afar with a +2 spear of distortion!
Space warps horribly around you!! The gnoll sergeant barely misses you.
The gnoll closely misses you.
You barely miss the gnoll sergeant.
The gnoll sergeant hits you with a +2 spear of distortion!
Space warps around you! The gnoll hits you but does no damage.
You are too injured to fight recklessly!
You are too injured to fight recklessly!
The gnoll sergeant closely misses you.
There is a stone staircase leading up, spattered with blood here.
The gnoll sergeant hits you from afar with a +2 spear of distortion.
You blink.
You can't go up here!
There are monsters nearby!
There are monsters nearby!
The gnoll hits you from afar with a +0 halberd.
The gnoll sergeant hits you with a +2 spear of distortion!
The gnoll sergeant hits you from afar with a +2 spear of distortion.
Space warps around you.
* * * LOW HITPOINT WARNING * * *
The gnoll sergeant hits you from afar with a +2 spear of distortion!
* * * LOW HITPOINT WARNING * * *
Space warps around you.
* * * LOW HITPOINT WARNING * * *
The gnoll misses you.
There is a stone staircase leading up, spattered with blood here.
The gnoll sergeant hits you from afar with a +2 spear of distortion!
* * * LOW HITPOINT WARNING * * *
Space warps around you.
* * * LOW HITPOINT WARNING * * *
The gnoll hits you from afar with a +0 halberd!
You die...

####'######....# #.. ######
#...####..
#######....#####'..##..
####.....#._.#.....#####..
###........#...#.###.#####..
#..........#####.#...##.....
#.............#....###....#.
#........g....###....#....#.
#........g.@..#...#.#####...
#.....###.....#.###.#...#...
#.....#######.#.....#._.#...
##.......#####.'#####....#...
#......#.o..##.....#######...
#.#######g..############.....
#.# #...# #......... #.#
#...# #......... #.# #g..#
#......#..


You could see a gnoll sergeant and a gnoll.

Vanquished Creatures
  Pikel (D:4)
  A water moccasin (D:5)
  2 sky beasts
  A black bear (D:6)
  3 necrophages (D:4)
  A phantom (D:6)
  A lemure (D:4)
  2 scorpions (D:5)
  A water moccasin zombie (D:4)
  8 wights
  A bullfrog zombie (D:5)
  5 hounds
  A human zombie (D:4)
  4 orc priests
  A centaur skeleton (D:5)
  6 jellies
  2 iguanas (D:5)
  Natasha (thrice) (D:4)
  3 hound zombies (D:4)
  A hound skeleton (D:4)
  Robin (D:4)
  2 howler monkey skeletons
  2 river rats (Sewer)
  8 adders
  7 gnolls
  3 adder zombies
  3 worms
  A dart slug (D:4)
  24 orcs
  2 bats
  19 endoplasms
  6 giant cockroaches
  17 goblins
  8 hobgoblins
  9 jackals
  6 kobolds
  3 quokkas
  10 ball pythons
  8 frilled lizards
  7 rats
194 creatures vanquished.

Notes
Turn   | Place    | Note
-------+----------+-------------------------------------------
     0 | D:1      | Zeld the Troll Hunter began the quest for the Orb.
     0 | D:1      | Reached XP level 1. HP: 19/19 MP: 0/0
   115 | D:1      | You fall into a shaft and drop 1 floor!
   121 | D:2      | Reached XP level 2. HP: 28/28 MP: 1/1
   334 | D:1      | Reached XP level 3. HP: 33/35 MP: 2/2
   698 | D:2      | Reached skill level 4 in Throwing
   949 | D:2      | Reached skill level 1 in Stealth
  1673 | D:3      | Reached XP level 4. HP: 22/42 MP: 3/3
  1743 | D:3      | Found a large runed translucent door.
  1743 | D:3      | Found a large runed translucent door.
  1969 | D:3      | Reached XP level 5. HP: 49/50 MP: 4/4
  2020 | D:3      | Reached skill level 5 in Throwing
  2080 | D:3      | Found a shadowy altar of Dithmenos.
  2180 | D:3      | Noticed xzight's ghost (amateur GrFi)
  2341 | D:3      | Found a faded altar of an unknown god.
  2571 | D:4      | Noticed Natasha
  2582 | D:4      | Killed Natasha
  2610 | D:4      | Found a glowing drain.
  2624 | D:4      | Reached XP level 6. HP: 59/61 MP: 5/5
  2631 | Sewer    | Entered a sewer
  2802 | Sewer    | Found a viscous altar of Jiyva.
  2941 | D:4      | Noticed Natasha
  2955 | D:4      | Killed Natasha
  2956 | D:4      | Reached skill level 6 in Throwing
  3004 | D:4      | Found a sacrificial altar of Ru.
  3066 | D:4      | Noticed Robin
  3098 | D:4      | Killed Robin
  3148 | D:4      | Reached XP level 7. HP: 6/58 MP: 6/6
  3538 | D:4      | Noticed Natasha
  3585 | D:4      | Killed Natasha
  3944 | D:4      | Found a basalt altar of Yredelemnul.
  3964 | D:4      | Reached skill level 7 in Throwing
  4078 | D:4      | Reached XP level 8. HP: 67/77 MP: 7/7
  4371 | D:5      | Entered Level 5 of the Dungeon
  4426 | D:5      | Reached skill level 8 in Throwing
  4506 | D:5      | Reached skill level 5 in Fighting
  4841 | D:5      | Noticed Pikel
  4997 | D:5      | Found Giyn's Distillery.
  5038 | D:5      | Bought a potion of berserk rage for 75 gold pieces
  5038 | D:5      | Bought a potion of berserk rage for 75 gold pieces
  5065 | D:5      | Found a burning altar of Makhleb.
  5193 | D:5      | Bought a potion of might for 60 gold pieces
  5215 | D:5      | Reached skill level 9 in Throwing
  5281 | D:4      | Killed Pikel
  5282 | D:4      | Reached XP level 9. HP: 89/89 MP: 8/8
  5881 | D:6      | Reached skill level 10 in Throwing
  6240 | D:6      | Got the Tome of Unholy Curses
  6359 | D:6      | Found a hide-covered altar of Uskayaw.
  6368 | D:6      | Found a sparkling altar of Nemelex Xobeh.
  6834 | D:6      | Slain by a gnoll

Illustrated notes

Levels and vault maps discovered:
D:1:      saegor_arrival_simple_e, layout_rooms
D:2:      layout_basic
D:3:      layout_basic, nicolae_dithmenos_the_darkroom,
          ebering_ghost_disaster_area, dilly_ecumenical_altar_fadedgnrine,
          minivault_19
D:4:      layout_basic, nicolae_ru_path_of_blood,
          lemuel_mausoleum_altar_yredelemnul, portal_sewer_entry_f,
          uniq_natasha, uniq_robin
D:5:      layout_basic, nicolae_overflow_crystal_walls, serial_shops, shop,
          uniq_pikel
D:6:      layout_basic, mainiacjoe_overflow_swirl, serial_co_window_serial,
          co_window_paths_b, co_window_corner_a, co_window_corner_a,
          co_window_paths_b, co_window_paths_a, co_window_cross_1,
          co_window_corner_a, co_window_cross_3, co_window_broadway_a,
          co_window_corner_cb, glass_columns_b, glass_columns_b

Skill      XL: |  1  2  3  4  5  6  7  8  9 |
---------------+----------------------------+-----
Fighting       | 2 3 4 5 6 |  6.4
Dodging        | 2 |  2.0
Throwing       | 4 5 6 7 9 10 | 10.2
Stealth        | 1 |  1.0

Action                   |  1- 3 |  4- 6 |  7- 9 || total
-------------------------+-------+-------+-------++-------
Melee: Unarmed           |    92 |   264 |   349 ||   705
       Punch             |     1 |     2 |     5 ||     8
       Whip              |       |       |   127 ||   127
Throw: Large rock        |       |     2 |    13 ||    15
       Throwing net      |       |       |     4 ||     4
       Javelin           |       |       |     2 ||     2
  Use: Potion            |       |       |     2 ||     2
 Stab: Distracted        |       |     1 |       ||     1
       Sleeping          |       |       |     1 ||     1
Armor: Robe              |    32 |    68 |   129 ||   229
Dodge: Dodged            |    50 |   138 |   273 ||   461
